 Dungeon Crawl Stone Soup version 0.31-a0-841-g038b102fc3 (webtiles) character file.

Game seed: 12400478361640918942

1226 Kurtz the Cleaver (level 8, -1/54 HPs)
             Began as an Octopode Fighter on Sept 27, 2023.
             Was an Initiate of Gozag.
             Slain by a black bear (2 damage)
             ... on level 6 of the Dungeon.
             The game lasted 00:05:25 (4164 turns).

Kurtz the Cleaver (Octopode Fighter)                Turns: 4164, Time: 00:05:26

Health: -1/54      AC:  1    Str: 16    XL:     8   Next: 47%
Magic:  8/8        EV: 13    Int: 10    God:    Gozag
Gold:   509        SH:  4    Dex: 13    Spells: 7/7 levels left

rFire   . . .        a - +0 war axe
rCold   . . .        b - +0 buckler
rNeg    . . .        (helmet restricted)
rPois   +            n - amulet of regeneration
rElec   .            i - ring of poison resistance
rCorr   .            (no ring)
SInv    .            (no ring)
Will    +....        (no ring)
Stlth   +++          (no ring)
HPRegen 1.09/turn    (no ring)
MPRegen 0.11/turn    (no ring)
                     (no ring)

%: no passive effects
@: enlightened, flying
A: almost no armour, amphibious, 8 rings, camouflage 1, gelatinous body 1,
(nimble swimmer 1), tentacles
a: Renounce Religion, Potion Petition, Call Merchant, Bribe Branch


You were on level 6 of the Dungeon.
You worshipped Gozag.
Gozag was pleased with you.
You visited 1 branch of the dungeon, and saw 6 of its levels.

You collected 578 gold pieces.
You paid 69 gold pieces to Gozag.

Inventory:

Hand Weapons
 a - a +0 war axe (weapon)
Missiles
 r - 5 javelins
 w - 6 boomerangs
 y - 6 poisoned darts
Armour
 b - a +0 buckler (worn)
Jewellery
 i - a ring of poison resistance (left tentacle)
 n - an amulet of regeneration (around mantle)
 x - an amulet of magic regeneration
Wands
 p - a wand of flame (36) (quivered)
Scrolls
 d - 4 scrolls of identify {unknown}
 h - a scroll of immolation {unknown}
 l - 3 scrolls of teleportation {unknown}
 o - 2 scrolls of blinking {unknown}
 z - a scroll of fear {unknown}
 A - a scroll of fog {unknown}
 B - a scroll of amnesia {unknown}
Potions
 c - a potion of might
 f - a potion of magic
 g - a potion of enlightenment
 j - a potion of berserk rage {unknown}
 k - a potion of brilliance {unknown}
 m - 2 potions of heal wounds {unknown}
 q - a potion of experience {unknown}
 s - a potion of curing {unknown}
 t - 2 potions of mutation {unknown}
 u - 2 potions of attraction {unknown}
 v - a potion of ambrosia {unknown}


   Skills:
 * Level 3.9 Fighting
 * Level 9.4 Axes
 * Level 3.5 Dodging
 + Level 2.3 Stealth
 - Level 3.0 Shields


You had 7 spell levels left.
You didn't know any spells.
Your spell library contained the following spells:

 Spells                   Type           Power      Damage    Failure   Level
 Sandblast                Erth           0%         2d4       43%         1
 Passwall                 Tmut/Erth      0%         N/A       58%         2
 Stone Arrow              Conj/Erth      0%         3d7       82%         3
 Brom's Barrelling Bould  Conj/Erth      0%         2d3       99%         4


Dungeon Overview and Level Annotations

Branches:
Dungeon (6/15)             Temple (0/1) D:5

Altars:
Ashenzari
Gozag
Hepliaklqana
Nemelex Xobeh
Ru
Uskayaw
Vehumet

Shops:
D:1 :

Annotations:
D:4 exclusion: 2 downstairs
D:5 Eustachio


Innate Abilities, Weirdness & Mutations

You cannot wear most types of armour.
You are amphibious.
You can wear up to eight rings at the same time.
Your skin changes colour to match your surroundings (Stealth+).
Your rubbery body absorbs attacks. (AC +1, EV +1)
((You are camouflaged when in or above water. (Stealth+)))
You have tentacles for arms and can constrict up to eight enemies at once.


Message History

The black bear growls angrily.
The adder misses you.
The centaur shoots an arrow.
The arrow hits you. The black bear barely misses you.
The black bear closely misses you. The black bear claws you.
A sleepcap comes into view.
The adder bites you.
The centaur shoots an arrow.
The arrow hits you! The black bear bites you. The black bear claws you.
The black bear completely misses you.
There is a stone staircase leading down, spattered with blood here.
The adder barely misses you. The black bear bites you.
The black bear claws you. x2; The gnoll hits you with a +0 flail.
* * * LOW HITPOINT WARNING * * *
The adder bites you.
* * * LOW HITPOINT WARNING * * *
The gnoll completely misses you.
The centaur shoots an arrow.
The arrow closely misses you.
The arrow closely misses the black bear.
You climb downwards.
There is a stone staircase leading up here.
It was a potion of magic.
Magic courses through your body. The adder barely misses you.
The black bear bites you.
* * * LOW HITPOINT WARNING * * *
The black bear claws you.
* * * LOW HITPOINT WARNING * * *
The black bear claws you.
* * * LOW HITPOINT WARNING * * *
It was a potion of enlightenment.
You feel very buoyant.
You fly up into the air.
The adder closely misses you.
The black bear barely misses you. x2; The black bear completely misses you.
Okay, then.
As you read the scroll labelled XOKIEKL COXKASUMUDGH, it crumbles to dust.
Wisps of shadow whirl around you...
It was a scroll of summoning.
The adder bites you.
* * * LOW HITPOINT WARNING * * *
The black bear barely misses you. The black bear claws you.
* * * LOW HITPOINT WARNING * * *
The black bear claws you.
You die...
Your body crumbles into a pile of gold.

########.. ####........#
#....##...§.. ###.........§.#
#######....≈≈≈≈≈≈≈...
#..........§.≈≈≈≈§§..
###########Sh###...8...§_≈≈.#
#..........#h###.....≈§≈§≈§.#
#..........#@Sg....≈≈≈≈≈≈≈...
#..........####........§.....
#..........####..............
#..................##########
#..........#####...##### #
#.....)....#####.......## #
#.................####).#####
###................).........
#.......####...#.#####...##


You could see a black bear (ally target), a gnoll, an adder, a friendly water
moccasin (summoned) and a friendly hound (summoned).

Vanquished Creatures
  A water moccasin (D:6)
  A black bear (D:6)
  2 centaurs (D:5)
  A bullfrog (D:6)
  4 hounds (D:6)
  4 jellies
  A gnoll bouda (D:6)
  3 sleepcaps
  Jessica (D:2)
  3 orc wizards
  2 iguanas (D:4)
  Natasha (thrice) (D:2)
  Robin (D:2)
  9 adders
  3 ufetubi
  2 worms (D:2)
  3 dart slugs
  18 orcs
  8 endoplasms
  7 giant cockroaches
  10 goblins
  9 hobgoblins
  2 jackals (D:1)
  4 quokkas
  5 ball pythons
  4 bats
  5 frilled lizards
  9 kobolds
  3 rats
128 creatures vanquished.

Notes
Turn   | Place    | Note
-------+----------+-------------------------------------------
     0 | D:1      | Kurtz the Octopode Fighter began the quest for the Orb.
     0 | D:1      | Reached XP level 1. HP: 16/16 MP: 1/1
   152 | D:1      | Found Nibo's Book Shop.
   159 | D:1      | Found a faded altar of an unknown god.
   265 | D:1      | Reached XP level 2. HP: 21/21 MP: 2/2
   376 | D:1      | Reached skill level 3 in Axes
   738 | D:2      | Noticed Jessica
   745 | D:2      | Killed Jessica
   746 | D:2      | Reached XP level 3. HP: 26/26 MP: 3/3
   813 | D:2      | Reached skill level 4 in Axes
   820 | D:2      | Noticed Robin
   915 | D:2      | Reached XP level 4. HP: 23/31 MP: 4/4
   920 | D:2      | Killed Robin
  1039 | D:2      | Noticed Natasha
  1051 | D:2      | Killed Natasha
  1262 | D:2      | Reached skill level 5 in Axes
  1262 | D:2      | Reached XP level 5. HP: 36/36 MP: 5/5
  1284 | D:2      | Found a hide-covered altar of Uskayaw.
  1340 | D:2      | Noticed Natasha
  1347 | D:2      | Killed Natasha
  1574 | D:2      | Noticed Natasha
  1579 | D:2      | Killed Natasha
  1775 | D:3      | Reached skill level 6 in Axes
  1797 | D:3      | Found a hide-covered altar of Uskayaw.
  1870 | D:3      | Reached XP level 6. HP: 42/42 MP: 6/6
  2464 | D:4      | Found an opulent altar of Gozag.
  2512 | D:4      | Became a worshipper of Gozag Ym Sagoz the Greedy
  2717 | D:4      | Reached skill level 7 in Axes
  2743 | D:4      | Found a hazy altar of Hepliaklqana.
  2953 | D:4      | Found a sacrificial altar of Ru.
  2977 | D:5      | Entered Level 5 of the Dungeon
  3001 | D:5      | HP: 2/42 [centaur/arrow (13)]
  3292 | D:5      | Reached XP level 7. HP: 36/46 MP: 7/7
  3395 | D:5      | Found a sparkling altar of Nemelex Xobeh.
  3399 | D:5      | Reached skill level 1 in Stealth
  3462 | D:5      | Reached skill level 8 in Axes
  3481 | D:5      | Found a staircase to the Ecumenical Temple.
  3691 | D:6      | Reached XP level 8. HP: 52/52 MP: 8/8
  3730 | D:6      | Reached skill level 9 in Axes
  3793 | D:6      | Found a broken altar of Ashenzari.
  3952 | D:6      | Found a radiant altar of Vehumet.
  4160 | D:5      | Noticed Eustachio
  4162 | D:6      | HP: 2/54 [black bear (4)]
  4164 | D:6      | Slain by a black bear

Illustrated notes

Levels and vault maps discovered:
D:1:      lemuel_arrival_hallway, layout_basic, nicolae_ecumenical_lake_church,
          serial_shops, shop
D:2:      layout_loops_ring, basic_altar, uniq_jessica, uniq_robin, uniq_natasha
D:3:      layout_basic, mainiacjoe_overflow_concentric_impassable
D:4:      layout_cave_pools, nicolae_ru_path_of_blood,
          mainiacjoe_overflow_alcove_4, marbit_many_paths
D:5:      layout_rooms, lemuel_round_altar, minmay_temple_entry_trees,
          minivault_14, uniq_eustachio
D:6:      layout_rooms, evilmike_ruin_ashenzari, mainiacjoe_overflow_catwalk

Skill      XL: |  1  2  3  4  5  6  7  8 |
---------------+-------------------------+-----
Axes           | 3 4 5 6 7 8 9 |  9.4
Stealth        | 1 2 |  2.3
Fighting       | |  3.9
Dodging        | |  3.5
Shields        | |  3.0

Action                     |  1- 3 |  4- 6 |  7- 9 || total
---------------------------+-------+-------+-------++-------
  Melee: War axe           |    35 |   145 |    55 ||   235
         Constrict         |     8 |    45 |    13 ||    66
         Tentacles         |     4 |    32 |    17 ||    53
         Punch             |       |     1 |       ||     1
  Throw: Javelin           |       |     2 |       ||     2
  Evoke: Wand              |       |       |    21 ||    21
    Use: Potion            |       |       |     2 ||     2
         Scroll            |       |       |     1 ||     1
   Stab: Sleeping          |     5 |     5 |     2 ||    12
         Distracted        |       |       |     2 ||     2
 Armour: Skin              |    12 |    82 |    49 ||   143
  Dodge: Dodged            |    12 |   105 |    42 ||   159
  Block: Buckler           |     7 |    29 |     6 ||    42

Table legend: (Time is in decaauts)
 A = Elapsed time spent in this place.
 B = Non-inter-level travel time spent in this place.
 C = Inter-level travel time spent in this place.
 D = Time resting spent in this place.
 E = Time spent auto-exploring this place.
 F = Levels seen in this place.
 G = Mean time per level.
                   A        B        C        D        E       F      G
               +--------+--------+--------+--------+--------+-----+--------+
         Total |   4222 |   3966 |    256 |    496 |   2575 |   6 |  703.7 |
       Dungeon |   4222 |   3966 |    256 |    496 |   2575 |   6 |  703.7 |
               +--------+--------+--------+--------+--------+-----+--------+

Top non-repeatable levels by time:
     D:2: 949 daAuts
     D:4: 909 daAuts
     D:1: 741 daAuts
     D:3: 696 daAuts
     D:6: 612 daAuts
     D:5: 314 daAuts
